 Dungeon Crawl Stone Soup version 0.28.0-53-g5a82cb258f (webtiles) character file.

Game seed: 4900812661935220729

6396 Jerry the Fighter (level 10, -3/56 HPs)
             Began as a Vine Stalker Fighter on July 28, 2022.
             Was an Elder of Okawaru.
             Slain by an ogre mage
             ... wielding a +0 flail
              (7 damage)
             ... while paralysed by an ogre mage
             ... on level 10 of the Dungeon.
             The game lasted 00:34:41 (8581 turns).

Jerry the Fighter (Vine Stalker Fighter)            Turns: 8581, Time: 00:34:42

Health: -3/56      AC: 20    Str: 21    XL:     10   Next: 98%
Magic:  0/5        EV:  2    Int:  8    God:    Okawaru [****..]
Gold:   359        SH:  0    Dex: 16    Spells: 9/9 levels left

rFire   x . .      SeeInvis .   k - +5 short sword (antimagic)
rCold   . . .      Faith    .   c - +0 buckler
rNeg    . . .      Spirit   +   v - +5 chain mail of Beroah {rPois rF- Regen+ rCorr}
rPois   +          Reflect  .   z - +1 helmet
rElec   .          Harm     .   (no cloak)
rCorr   +          Rampage  .   a - +0 pair of gloves
Will    +....                   F - +0 pair of boots
Stlth   ..........              (no amulet)
HPRegen 1.78/turn               (no ring)
MPRegen 0.09/turn               (no ring)

@: paralysed, mighty
A: fangs 3, regeneration 1, magic shield, antimagic bite, no potion heal 2
a: Renounce Religion, Heroism, Finesse


You were on level 10 of the Dungeon.
You worshipped Okawaru.
Okawaru was greatly pleased with you.
You visited 2 branches of the dungeon, and saw 11 of its levels.

You collected 587 gold pieces.
You spent 228 gold pieces at shops.

Inventory:

Hand Weapons
 h - a +2 falchion of freezing
 k - a +5 antimagic short sword (weapon)
Missiles
 s - 13 poisoned darts (quivered)
Armour
 a - a +0 pair of gloves (worn)
 c - a +0 buckler (worn)
 v - the +5 chain mail of Beroah (worn) {rPois rF- Regen+ rCorr}
   (You bought it in a shop on level 5 of the Dungeon)

   rF:        It makes you vulnerable to fire.
   rPois:     It protects you from poison.
   Regen:     It increases your rate of health regeneration.
   rCorr:     It protects you from acid and corrosion.
 z - a +1 helmet (worn)
 F - a +0 pair of boots (worn)
Wands
 b - a wand of flame (13)
Scrolls
 g - 2 scrolls of immolation
 n - 6 scrolls of enchant weapon
 y - a scroll of teleportation
 B - 2 scrolls of blinking
 E - 2 scrolls of magic mapping
Potions
 d - a potion of might
 e - 2 potions of mutation
 f - a potion of lignification {unknown}
 i - 2 potions of attraction
 l - a potion of invisibility
 m - 2 potions of ambrosia
 q - 3 potions of haste
 t - 2 potions of magic {unknown}
 u - 3 potions of brilliance
 x - 3 potions of curing {unknown}
 D - a potion of flight {unknown}


   Skills:
 + Level 8.0 Fighting
 + Level 7.7 Long Blades
 + Level 7.2 Armour
 - Level 5.0 Shields
 + Level 6.5 Invocations


You had 9 spell levels left.
You didn't know any spells.
Your spell library contained the following spells:

 Spells                   Type           Power      Damage    Failure   Level
 Magic Dart               Conj           0%         1d3       99%         1
 Ensorcelled Hibernation  Hex/Ice        0%         N/A       100%        2
 Passwall                 Tmut/Erth      0%         N/A       100%        2
 Searing Ray              Conj           0%         2d4       100%        2
 Portal Projectile        Hex/Tloc       0%         N/A       100%        3
 Swiftness                Air            0%         N/A       100%        3
 Cause Fear               Hex            0%         N/A       100%        4
 Fulminant Prism          Conj/Hex       0%         3d6       100%        4
 Leda's Liquefaction      Hex/Erth       0%         N/A       100%        4
 Dragon Form              Tmut           0%         N/A       100%        7
 Call Canine Familiar     Summ           Unusable   N/A       N/A         3
 Dragon's Call            Summ           Unusable   N/A       N/A         9

Dungeon Overview and Level Annotations

Branches:
Dungeon (10/15)            Temple (1/1) D:6
   Lair: D:8-11         Orc: D:9-12

Altars:
Ashenzari
Cheibriados
Dithmenos
Elyvilon
Fedhas
Gozag
Hepliaklqana
Kikubaaqudgha
Makhleb
Nemelex Xobeh
Okawaru
Qazlal
Ru
Sif Muna
Trog
Uskayaw
Vehumet
Wu Jian
Xom
Yredelemnul
Zin
The Shining One

Shops:
D:5 ([


Innate Abilities, Weirdness & Mutations

You have razor-sharp teeth.
Your natural rate of healing is unusually fast.
When hurt, damage is shared between your health and your magic reserves.
Your bite disrupts and absorbs the magic of your enemies.
Potions cannot restore your health.


Message History

Things that are here:
a +0 dagger; a +1 robe of resistance HP restored.
Things that are here:
a +0 giant club; an ogre corpse An ogre mage comes into view.
It is wielding a +0 flail.
The ogre mage shouts!
You hear a shout!
You hear two shouts!
You hear a shout!
You hear two shouts!
A two-headed ogre comes into view. It is wielding two +0 giant clubs.
An ogre comes into view. It is wielding a +0 giant club.
The ogre shouts!
A two-headed ogre comes into view. It is wielding two +0 giant clubs.
The ogre closely misses you.
A two-headed ogre comes into view.
It is wielding two +0 giant spiked clubs.
You puncture the ogre!
The ogre is heavily wounded.
You feel like a meek peon again. You block the ogre's attack.
You puncture the ogre!
The ogre is almost dead.
You puncture the ogre!
You kill the ogre!
Okawaru accepts your kill.
The two-headed ogre hits you with a +0 giant club.
The two-headed ogre hits you with a +0 giant club!
You puncture the two-headed ogre! You bite the two-headed ogre.
You drain its power.
You feel invigorated.
The two-headed ogre is moderately wounded.
The ogre mage points at you and mumbles some strange words.
You suddenly lose the ability to move!
The two-headed ogre hits you with a +0 giant club!
The two-headed ogre hits you with a +0 giant club!!
The ogre mage hits you but does no damage.
The two-headed ogre hits you with a +0 giant club.
* * * LOW HITPOINT WARNING * * *
The two-headed ogre hits you with a +0 giant club!
* * * LOW HITPOINT WARNING * * *
A two-headed ogre comes into view. It is wielding two +0 giant clubs.
The ogre mage hits you with a +0 flail!
You die...

..## O..
.....#
.... .O###
####...###
#..OOO...#
#((@O....#
#.(......+
#........#
#........#
#........#
#........#
#....)...#
#...>.)..#
######.###


You could see 4 two-headed ogres, an ogre mage and an ogre.

Vanquished Creatures
  A two-headed ogre (D:9)
  Nergalle (D:10)
  A hornet (D:9)
  A troll (D:8)
  A shadow (D:9)
  6 yaks
  Eustachio (D:5)
  Grum (D:8)
  Menkaure (D:7)
  A water moccasin (D:8)
  2 sky beasts (D:7)
  A black bear (D:8)
  3 orc warriors
  4 wolves (D:8)
  7 ogres
  3 kobold brigands
  A gnoll sergeant (D:9)
  2 scorpions (D:7)
  A water moccasin skeleton (D:5)
  A wyvern skeleton (D:6)
  3 killer bees (D:9)
  5 wights (D:8)
  A bullfrog zombie (D:7)
  2 centaur zombies (D:7)
  A jelly (D:6)
  6 orc priests
  5 hounds
  2 bullfrog skeletons
  2 iguanas (D:7)
  8 orc wizards
  9 adders
  15 gnolls
  2 shadow imps
  A white imp (D:7)
  2 worms
  2 dart slugs
  23 orcs
  6 endoplasms
  3 giant cockroaches
  6 goblins
  4 hobgoblins
  5 jackals
  A quokka (D:3)
  6 ball pythons
  4 bats
  2 frilled lizards
  20 kobolds
  5 rats
191 creatures vanquished.

Notes
Turn   | Place    | Note
-------+----------+-------------------------------------------
     0 | D:1      | Jerry the Vine Stalker Fighter began the quest for the Orb.
     0 | D:1      | Reached XP level 1. HP: 11/11 MP: 2/2
   501 | D:1      | Reached XP level 2. HP: 16/16 MP: 3/3
  1539 | D:2      | Reached skill level 3 in Fighting
  1539 | D:2      | Reached XP level 3. HP: 20/20 MP: 4/4
  2059 | D:2      | Gained mutation: Your natural rate of healing is unusually
                  | fast. [Vine Stalker growth]
  2059 | D:2      | Reached XP level 4. HP: 24/24 MP: 1/5
  2244 | D:2      | Reached XP level 5. HP: 28/28 MP: 2/6
  3542 | D:4      | Reached XP level 6. HP: 33/33 MP: 2/7
  4159 | D:5      | Entered Level 5 of the Dungeon
  4170 | D:5      | Found Jeheep's Antique Armour Emporium.
  4202 | D:4      | Reached skill level 4 in Fighting
  4256 | D:5      | Bought a translucent chain mail for 228 gold pieces
  4256 | D:5      | Identified the +5 chain mail of Beroah {rPois rF- Regen+
                  | rCorr} (You bought it in a shop on level 5 of the Dungeon)
  4364 | D:5      | Noticed Eustachio
  4370 | D:5      | Reached XP level 7. HP: 37/37 MP: 2/8
  4406 | D:5      | Killed Eustachio
  4569 | D:5      | Gained mutation: You have razor-sharp teeth. [Vine Stalker
                  | growth]
  4569 | D:5      | Reached XP level 8. HP: 42/42 MP: 3/9
  4729 | D:5      | Found Qafrizeu's Weapon Shoppe.
  5123 | D:6      | Reached skill level 5 in Fighting
  5123 | D:6      | Reached skill level 5 in Shields
  5147 | D:6      | Found a staircase to the Ecumenical Temple.
  5161 | Temple   | Entered the Ecumenical Temple
  5310 | Temple   | Became a worshipper of Warmaster Okawaru
  5656 | D:6      | Reached skill level 1 in Invocations
  5935 | D:7      | Reached skill level 5 in Long Blades
  5935 | D:7      | Reached skill level 5 in Armour
  6046 | D:7      | Reached * piety under Okawaru
  6125 | D:7      | Found a bloodstained altar of Trog.
  6133 | D:7      | Reached XP level 9. HP: 39/48 MP: 4/12
  6408 | D:7      | Reached skill level 6 in Fighting
  6427 | D:7      | Noticed Menkaure
  6436 | D:7      | Killed Menkaure
  6666 | D:7      | Noticed an eight-headed hydra
  6806 | D:7      | Reached ** piety under Okawaru
  6993 | D:8      | Identified the +1 ring mail "Cexot" {Drain rPois Dex-5
                  | Stlth+}
  7060 | D:8      | Noticed Grum
  7087 | D:8      | Killed Grum
  7404 | D:8      | Found a sacrificial altar of Ru.
  7550 | D:9      | Noticed a troll
  7560 | D:8      | Killed a troll
  7560 | D:8      | Reached *** piety under Okawaru
  7561 | D:8      | Reached XP level 10. HP: 49/53 MP: 1/14
  7605 | D:8      | Reached skill level 7 in Fighting
  7605 | D:8      | Reached skill level 5 in Invocations
  7676 | D:9      | Noticed a two-headed ogre
  7692 | D:9      | Killed a two-headed ogre
  7834 | D:9      | Found a flagged portal.
  7926 | D:9      | Reached **** piety under Okawaru
  8473 | D:10     | Entered Level 10 of the Dungeon
  8550 | D:10     | Noticed Nergalle
  8564 | D:10     | Killed Nergalle
  8565 | D:10     | Reached skill level 8 in Fighting
  8571 | D:10     | Noticed an ogre mage
  8572 | D:10     | Noticed a two-headed ogre
  8573 | D:10     | Noticed a two-headed ogre
  8574 | D:10     | Noticed a two-headed ogre
  8578 | D:10     | Paralysed by an ogre mage for 3 turns
  8580 | D:10     | HP: 2/56 [two-headed ogre/+0 giant club (12)]
  8581 | D:10     | Noticed a two-headed ogre
  8581 | D:10     | Slain by an ogre mage

Illustrated notes

Levels and vault maps discovered:
D:1:      dpeg_arrival_solitude, layout_basic
D:2:      layout_basic
D:3:      layout_basic
D:4:      layout_loops_cross
D:5:      layout_rooms, serial_shops, nicolae_shop_trees, kennysheep_mini_moat,
          minmay_misc_feat_room, uniq_eustachio
D:6:      layout_gridville, minmay_temple_entry_offerings
D:7:      layout_basic, trog_butcher_becter, kennysheep_generic_room_12,
          uniq_menkaure
D:8:      layout_cave_pools, nicolae_ru_the_path_less_chosen, uniq_grum
D:9:      layout_loops_ring, enter_bailey_6, minmay_misc_feat_roman,
          serial_park_tiny_pond, statue_in_the_mist_lemuel
D:10:     layout_roguey [special_room_orc], uniq_nergalle
Temple:   regret_index_temple_chain_breaker

Skill      XL: |  1  2  3  4  5  6  7  8  9 10 |
---------------+-------------------------------+-----
Long Blades    | 2 3 4 5 6 7 |  7.7
Fighting       | 3 4 5 6 8 |  8.0
Shields        | 3 4 5 |  5.0
Armour         | 3 4 5 6 7 |  7.2
Invocations    | 2 4 6 |  6.5

Action                   |  1- 3 |  4- 6 |  7- 9 | 10-12 || total
-------------------------+-------+-------+-------+-------++-------
Melee: Long sword        |    67 |       |       |       ||    67
       Bite              |     6 |    27 |    92 |    45 ||   170
       Short sword       |    12 |   153 |   315 |   135 ||   615
Throw: Dart              |       |       |    18 |     3 ||    21
Invok: Heroism           |       |       |     1 |     4 ||     5
  Use: Scroll            |       |     9 |     7 |     1 ||    17
       Potion            |       |       |     2 |     3 ||     5
Armor: Scale mail        |    35 |    47 |       |       ||    82
       Chain mail        |       |     1 |   201 |    30 ||   232
Dodge: Dodged            |    46 |    60 |   105 |    30 ||   241
Block: Buckler           |    25 |    39 |    73 |    22 ||   159
